 Dungeon Crawl Stone Soup version 0.30-a0-170-g85af917532 (webtiles) character file.

Game seed: 10373183571569555019

169 scionoferis the Shooter (level 5, -2/32 HPs)
             Began as a Kobold Hunter on Sept 30, 2022.
             Slain by a water moccasin (4 damage)
             ... on level 6 of the Dungeon.
             The game lasted 00:10:00 (2591 turns).

scionoferis the Shooter (Kobold Hunter)             Turns: 2591, Time: 00:10:00

Health: -2/32      AC: 10    Str: 10    XL:     5   Next: 79%
Magic:  5/5        EV: 15    Int: 11    God:
Gold:   47         SH:  0    Dex: 18    Spells: 2/4 levels left

rFire   + . .      SeeInvis .    (weapon restricted)
rCold   . . .      Faith    .    (no shield)
rNeg    . . .      Spirit   .    c - +0 leather armour
rPois   .          Reflect  .    q - +0 helmet
rElec   .          Harm     .    (no cloak)
rCorr   .          Rampage  .    u - +0 pair of gloves
Will    .....                    n - +0 pair of boots
Stlth   +++.......               s - amulet of the acrobat
HPRegen 0.10/turn                k - +4 ring of protection
MPRegen 0.09/turn                v - ring of protection from fire

@: brilliant
A: small, no large weapons, nightstalker 3
a: no special abilities


You were on level 6 of the Dungeon.
You visited 1 branch of the dungeon, and saw 4 of its levels.

You collected 129 gold pieces.
You spent 82 gold pieces at shops.

Inventory:

Hand Weapons
 a - a +0 shortbow
 b - a +0 dagger
Armour
 c - a +0 leather armour (worn)
 n - a +0 pair of boots (worn)
 q - a +0 helmet (worn)
 u - a +0 pair of gloves (worn)
Jewellery
 f - an amulet of regeneration
 g - an amulet of faith
 k - a +4 ring of protection (left hand)
 s - an amulet of the acrobat (around neck)
 v - a ring of protection from fire (right hand)
Scrolls
 d - a scroll of blinking {unknown}
 e - a scroll of immolation
 i - a scroll of magic mapping {unknown}
 j - 3 scrolls of teleportation {unknown}
 l - a scroll of enchant weapon {unknown}
 m - a scroll of fear {unknown}
 o - 3 scrolls of identify
 r - 2 scrolls of vulnerability {unknown}
 t - a scroll of amnesia {unknown}


   Skills:
 + Level 3.0 Fighting
 * Level 3.3 Short Blades
 + Level 5.9 Ranged Weapons
 + Level 1.2 Armour
 + Level 3.3 Dodging
 + Level 3.0 Stealth


You had 2 spell levels left.
You knew the following spells:

 Your Spells              Type           Power      Damage    Failure   Level
a - Blink                 Tloc           0%         N/A       56%         2

Your spell library contained the following spells:

 Spells                   Type           Power      Damage    Failure   Level
 Momentum Strike          Conj/Tloc      0%         3d8       56%         2
 Lesser Beckoning         Tloc           0%         N/A       80%         3


Dungeon Overview and Level Annotations

Branches:
Dungeon (3/15)

Altars:
Okawaru

Shops:
D:2 ****


Innate Abilities, Weirdness & Mutations

You are small and have problems with some larger weapons.
You are completely attuned to the shadows.


Message History

Fire: a) +0 shortbow
Press: ? - help, Q - select action, (/) - cycle Shift-Dir - straight line, f/p - water moccasin
Aim: a water moccasin (heavily wounded, 48% to hit)
You shoot an arrow.
The arrow barely misses the water moccasin.
You feel sick.
The water moccasin bites you but does no damage. x2
You are now empty-handed.
You barely miss the water moccasin.
The water moccasin is heavily wounded.
You feel sick.
The water moccasin bites you but does no damage.
The water moccasin bites you.
* * * LOW HITPOINT WARNING * * *
You completely miss the water moccasin.
The water moccasin is moderately wounded.
You feel sick.
The water moccasin bites you but does no damage.
You closely miss the water moccasin.
The water moccasin is moderately wounded.
You feel sick.
The water moccasin bites you but does no damage. x2
You closely miss the water moccasin.
The water moccasin is moderately wounded.
You feel sick.
You are no longer poisoned.
The water moccasin bites you.
* * * LOW HITPOINT WARNING * * *
You hit the water moccasin but do no damage.
The water moccasin is moderately wounded.
The water moccasin bites you but does no damage.
You barely miss the water moccasin.
The water moccasin is moderately wounded.
You feel less wooden.
Your +0 helmet unmelds from your body.
Your +0 pair of gloves unmelds from your body.
Your +0 pair of boots unmelds from your body.
Your +0 leather armour unmelds from your body.
The water moccasin bites you.
You die...

?#.......
?$#.....#..
!??#....###.
####.....#..
.......S....
......######
.....).S@.#
#########.#
... ##.# .#


You could see a water moccasin.

Vanquished Creatures
  Robin (D:1)
  3 adders
  6 gnolls
  A worm (D:2)
  3 dart slugs
  5 endoplasms
  10 hobgoblins
  3 jackals (D:1)
  4 kobolds
  7 ball pythons (D:1)
  5 bats
  2 frilled lizards (D:1)
  14 goblins
64 creatures vanquished.

Vanquished Creatures (others)
  4 plants (D:6)
4 creatures vanquished.

Grand Total: 68 creatures vanquished

Notes
Turn   | Place    | Note
-------+----------+-------------------------------------------
     0 | D:1      | scionoferis the Kobold Hunter began the quest for the Orb.
     0 | D:1      | Reached XP level 1. HP: 12/12 MP: 1/1
   116 | D:1      | Reached XP level 2. HP: 16/18 MP: 2/2
   314 | D:1      | Reached XP level 3. HP: 22/22 MP: 3/3
   316 | D:1      | Reached skill level 1 in Short Blades
  1399 | D:2      | Reached XP level 4. HP: 27/27 MP: 4/4
  1406 | D:2      | Found Ocefam's General Store.
  1413 | D:2      | Bought a potion of degeneration for 12 gold pieces
  1494 | D:2      | Noticed Robin
  1671 | D:1      | Reached skill level 1 in Armour
  1689 | D:2      | Found Zoiqiaff's Assorted Antiques.
  1697 | D:2      | Bought a scroll labelled TAIFIESEHO for 25 gold pieces
  1697 | D:2      | Bought a scroll labelled WAUGONK CAXIXOUZ for 25 gold
                  | pieces
  1740 | D:2      | Reached XP level 5. HP: 32/32 MP: 5/5
  1827 | D:1      | Killed Robin
  1983 | D:2      | Found Warub's General Store.
  1988 | D:2      | Bought a scroll of identify for 20 gold pieces
  2184 | D:2      | Found an iron altar of Okawaru.
  2246 | D:2      | Found Kino Ynno's Assorted Antiques.
  2509 | D:3      | Learned a level 2 spell: Blink
  2553 | D:3      | You fall into a shaft and drop 3 floors!
  2556 | D:6      | Noticed a water moccasin
  2591 | D:6      | Slain by a water moccasin

Illustrated notes

Levels and vault maps discovered:
D:1:      ncdulo_lavacross, layout_loops_corners
D:2:      layout_rooms, serial_shops, shop, shop, shop_fountains,
          nicolae_shop_waterfront, basic_altar, uniq_robin
D:3:      layout_rooms, ashenzari_altar_1
D:6:      layout_basic, nicolae_hepliaklqana_hazy_memory, serial_glass,
          glass_columns_a, glass_columns_a, glass_columns_c, glass_columns_a,
          glass_columns_b, glass_columns_a, glass_columns_b, glass_columns_b,
          glass_columns_a, glass_columns_a, glass_columns_c, glass_columns_b,
          glass_columns_a, glass_columns_a, due_unseen_surprise,
          feat_on_display, minmay_strange_pillars, item_on_display_a,
          uniq_crazy_yiuf_cottage, uniq_blork_the_orc

Skill      XL: |  1  2  3  4  5 |
---------------+----------------+-----
Stealth        | 2 3 |  3.0
Short Blades   | 1 2 3 |  3.3
Dodging        | 3 |  3.3
Armour         | 1 |  1.2
Fighting       | 3 |  3.0
Ranged Weapons | |  5.9

Action                   |  1- 3 |  4- 6 || total
-------------------------+-------+-------++-------
Melee: Dagger            |     4 |    59 ||    63
       Unarmed           |       |     6 ||     6
 Fire: Shortbow          |    55 |   123 ||   178
  Use: Potion            |       |     4 ||     4
Armor: Leather armour    |     4 |    46 ||    50
       Skin              |       |    26 ||    26
Dodge: Dodged            |    31 |   129 ||   160

Table legend: (Time is in decaauts)
 A = Elapsed time spent in this place.
 B = Non-inter-level travel time spent in this place.
 C = Inter-level travel time spent in this place.
 D = Time resting spent in this place.
 E = Time spent auto-exploring this place.
 F = Levels seen in this place.
 G = Mean time per level.
                   A        B        C        D        E       F      G
               +--------+--------+--------+--------+--------+-----+--------+
         Total |   2627 |   2517 |    110 |    355 |   1569 |   4 |  656.8 |
       Dungeon |   2627 |   2517 |    110 |    355 |   1569 |   4 |  656.8 |
               +--------+--------+--------+--------+--------+-----+--------+

Top non-repeatable levels by time:
     D:1: 1679 daAuts
     D:2: 787 daAuts
     D:3: 122 daAuts
     D:6: 38 daAuts
